 Dungeon Crawl Stone Soup version 0.25.1-9-gc5326a611f (webtiles) character file.

Game seed: 14929126051131256969

11880 Revguard the Thaumaturge (level 11, -1/56 HPs)
             Began as a Deep Elf Venom Mage on Jan 28, 2021.
             Was a Priest of Sif Muna.
             Slain by a cyclops (27 damage)
             ... on level 11 of the Dungeon.
             The game lasted 00:51:02 (14066 turns).

Revguard the Thaumaturge (Deep Elf Venom Mage)     Turns: 14066, Time: 00:51:03

Health: -1/56      AC:  9    Str:  6    XL:     11   Next: 55%
Magic:  35/37      EV: 14    Int: 21    God:    Sif Muna [***...]
Gold:   341        SH:  0    Dex: 17    Spells: 12/33 levels left

rFire    + + .     SeeInvis +   E - staff of fire
rCold    . . .     Gourm    .   (no shield)
rNeg     . . .     Faith    .   p - +1 robe {rF+}
rPois    .         Spirit   .   (no helmet)
rElec    .         Reflect  .   s - +2 cloak {Stlth+}
rCorr    .         Harm     .   e - +0 pair of gloves
MR       +....                  f - +1 pair of boots
Stlth    +++.......             v - amulet of magic regeneration
HPRegen  0.18/turn              g - ring of magical power
MPRegen  0.50/turn              w - ring of see invisible

@: no status effects
A: no striking features
a: Channel Magic, Forget Spell, Renounce Religion


You were on level 11 of the Dungeon.
You worshipped Sif Muna.
Sif Muna was most pleased with you.
You were not hungry.

You visited 2 branches of the dungeon, and saw 12 of its levels.
You also visited: Sewer and Ice Cave.

You collected 513 gold pieces.
You spent 172 gold pieces at shops.

Inventory:

Hand Weapons
 d - a +0 executioner's axe of freezing
 i - a +2 dagger of speed
 x - a +1 scimitar of flaming
Armour
 e - a +0 pair of gloves (worn)
 f - a +1 pair of boots (worn)
 p - a +1 robe of fire resistance (worn)
 q - a +0 leather armour
 s - a +2 cloak of stealth (worn)
Magical Staves
 k - an uncursed staff of summoning
 E - an uncursed staff of fire (weapon)
Jewellery
 g - a ring of magical power (left hand)
 n - an uncursed ring of fire
 u - an uncursed amulet of guardian spirit
 v - an amulet of magic regeneration (around neck)
 w - a ring of see invisible (right hand)
Wands
 o - a wand of iceblast (18)
 r - a wand of enslavement (11)
 t - a wand of digging (3)
Scrolls
 b - a scroll of acquirement {unknown}
 h - a scroll of teleportation
 l - a scroll of fog
 m - 11 scrolls of remove curse
 y - 2 scrolls of amnesia
 C - a scroll of immolation
 H - a scroll of holy word {unknown}
Potions
 a - 4 potions of lignification
 j - 2 potions of curing
 z - a potion of stabbing
 B - 2 potions of cancellation
 D - a potion of haste
 F - a potion of heal wounds
Miscellaneous
 A - a lightning rod (4/4)
Comestibles
 c - 18 rations
 G - 3 chunks of flesh


   Skills:
 + Level 1.3 Fighting
 + Level 1.2 Short Blades
 + Level 1.4 Staves
 + Level 1.1 Armour
 + Level 3.9 Dodging
 + Level 4.4 Stealth
 + Level 11.6 Spellcasting
 + Level 2.6 Conjurations
 * Level 6.3 Translocations
 + Level 5.3 Transmutations
 + Level 3.7 Fire Magic
 + Level 4.4 Air Magic
 + Level 10.1 Poison Magic
 * Level 8.0 Invocations
 + Level 3.1 Evocations


You had 12 spell levels left.
You knew the following spells:

 Your Spells              Type           Power        Failure   Level  Hunger
a - Sting                 Tmut/Pois      ####         1%          1    None
b - Poisonous Vapours     Pois/Air       #####.       1%          2    None
c - Ignite Poison         Fire/Tmut/Pois ######..     1%          3    None
d - Mephitic Cloud        Conj/Pois/Air  #####...     1%          3    None
e - Gell's Gravitas       Tloc           #####.....   1%          3    None
f - Olgreb's Toxic Radia  Pois           ######..     1%          4    #......
g - Yara's Violent Unrav  Hex/Tmut       ###.......   45%         5    ####...

Your spell library contained the following spells:

 Spells                   Type           Power        Failure   Level  Hunger
 Confusing Touch          Hex            ##......     17%         3    None
 Petrify                  Tmut/Erth      ###.....     19%         4    #......
 Metabolic Englaciation   Hex/Ice        ##........   83%         5    ####...


Dungeon Overview and Level Annotations

Branches:
Dungeon (11/15)            Temple (1/1) D:5            Lair (0/6) D:8
  Sewer (visited)           IceCv (visited)
    Orc: D:9-12

Altars:
Ashenzari
Cheibriados
Dithmenos
Elyvilon
Fedhas
Gozag
Hepliaklqana
Kikubaaqudgha
Makhleb
Nemelex Xobeh
Okawaru
Qazlal
Ru
Sif Muna
Trog
Uskayaw
Vehumet
Wu Jian
Xom
Yredelemnul
Zin
The Shining One

Shops:
D:5 [   D:10 (


Message History

A troll comes into view.
As you read the scroll of teleportation, it crumbles to dust.
You feel strangely unstable.
The cyclops throws a large rock.
The large rock closely misses you.
You see here a large rock.
The troll shouts!
The cyclops throws a large rock.
The large rock barely misses you.
You see here a large rock.
Your surroundings suddenly seem different.
A shadow imp comes into view.
Casting: Ignite Poison (safe; 1% risk of failure)
Confirm with . or Enter, or press ? or * to list all spells.
Aiming: Poisonous Vapours (safe; 1% risk of failure)
Press: ? - help, Dir - move target cursor, f - cyclops
Aim: a cyclops Poisonous vapours surround the cyclops!
The shadow imp shouts, "Face thy requiem, thou unmuzzled fly-bitten slime mould!"
The cyclops is engulfed in poison gas.
The cyclops is poisoned.
The cyclops hits you!!
You die...

#### ####... #......
####### ######...>..
#......######.....>.....
#..?....................
........................
...5...@................
......C.................
##...........#######'#..
#+###.......#.......#..
#.......#.......'..
#.(.....#.......#..
#.......#.......+..
#.......#.......#..
#.......#########..


You could see a cyclops (poisoned) and a shadow imp.

Vanquished Creatures
  Erica (D:8)
  3 death yaks (D:8)
  3 ugly things
  A wolf spider (D:10)
  3 ice statues (IceCv)
  2 rime drakes (D:11)
  A polar bear (D:11)
  A troll (D:10)
  Grinder (D:4)
  2 hippogriffs
  A spriggan (D:9)
  14 yaks
  Purgy (Sewer)
  An orc warrior (D:10)
  7 ice beasts
  2 black bears (D:8)
  A wolf (D:11)
  2 centaurs
  4 ogres
  A crocodile (D:10)
  A big kobold (D:11)
  3 bullfrogs
  A gnoll sergeant (D:7)
  A scorpion (D:4)
  5 wights (D:9)
  4 crimson imps
  A quasit (D:7)
  Crazy Yiuf (D:7)
  An orc priest (D:9)
  5 hounds
  3 orc wizards
  A centaur skeleton (D:9)
  A hell rat (D:8)
  4 iguanas
  5 worker ants
  A worker ant zombie (D:5)
  6 gnolls
  11 adders
  A river rat (D:8)
  2 shadow imps
  2 oozes
  An adder zombie (D:5)
  4 worms (D:4)
  2 dart slugs (D:1)
  2 leopard geckos
  16 orcs
  11 giant cockroaches
  6 goblins
  8 hobgoblins
  21 jackals
  6 quokkas
  9 bats
  5 frilled lizards
  A jackal skeleton (D:4)
  16 kobolds
  A quokka skeleton (D:8)
  10 rats
  2 toadstools (D:1)
233 creatures vanquished.

Vanquished Creatures (collateral kills)
  2 vampire mosquitoes (D:10)
  A bullfrog (D:10)
  A worker ant (D:10)
4 creatures vanquished.

Vanquished Creatures (others)
  2 toadstools (D:1)
2 creatures vanquished.

Grand Total: 239 creatures vanquished

Notes
Turn   | Place    | Note
-------+----------+-------------------------------------------
     0 | D:1      | Revguard the Deep Elf Venom Mage began the quest for the
                  | Orb.
     0 | D:1      | Reached XP level 1. HP: 10/10 MP: 6/6
   350 | D:1      | Reached XP level 2. HP: 8/15 MP: 2/8
   699 | D:1      | Learned a level 2 spell: Poisonous Vapours
  1163 | D:1      | Reached XP level 3. HP: 19/19 MP: 3/10
  1164 | D:1      | Reached skill level 4 in Spellcasting
  1537 | D:2      | Learned a level 3 spell: Ignite Poison
  1541 | D:2      | Learned a level 3 spell: Mephitic Cloud
  1858 | D:2      | Reached XP level 4. HP: 16/24 MP: 10/12
  2946 | D:3      | Found a hazy altar of Hepliaklqana.
  2949 | D:3      | Found a shimmering altar of Xom.
  2974 | D:3      | Found a bloodstained altar of Trog.
  3001 | D:3      | Found a glowing silver altar of Zin.
  3399 | D:3      | Reached skill level 1 in Air Magic
  3696 | D:3      | Learned a level 3 spell: Gell's Gravitas
  3727 | D:3      | Found a glowing golden altar of the Shining One.
  3964 | D:4      | Reached XP level 5. HP: 27/28 MP: 14/14
  3993 | D:4      | Reached skill level 5 in Spellcasting
  4061 | D:4      | Noticed Grinder
  4069 | D:4      | HP: 1/28 [Grinder/nerve-wracking pain (6)]
  4072 | D:4      | Paralysed by Grinder for 3 turns
  4097 | D:4      | Found a glowing drain.
  4101 | Sewer    | Entered a sewer
  4346 | Sewer    | Noticed Purgy
  4350 | Sewer    | Killed Purgy
  4350 | Sewer    | Reached skill level 1 in Short Blades
  4350 | Sewer    | Reached skill level 1 in Evocations
  4350 | Sewer    | Reached XP level 6. HP: 33/33 MP: 15/16
  4530 | D:4      | Paralysed by Grinder for 7 turns
  4532 | D:4      | Killed Grinder
  4532 | D:4      | Reached skill level 1 in Fire Magic
  4532 | D:4      | Reached skill level 5 in Poison Magic
  4742 | D:4      | Reached XP level 7. HP: 37/37 MP: 17/17
  4752 | D:4      | Learned a level 4 spell: Olgreb's Toxic Radiance
  4813 | D:4      | Reached skill level 1 in Armour
  5470 | D:5      | Entered Level 5 of the Dungeon
  5583 | D:5      | Found a staircase to the Ecumenical Temple.
  5592 | Temple   | Entered the Ecumenical Temple
  5833 | Temple   | Became a worshipper of Sif Muna the Loreminder
  5941 | D:5      | Found Dofilaog's Antique Armour Shop.
  5971 | D:5      | Bought an embroidered cloak for 172 gold pieces
  6123 | D:5      | Found a shadowy altar of Dithmenos.
  6268 | D:5      | Reached skill level 6 in Spellcasting
  6973 | D:6      | Found a basalt altar of Yredelemnul.
  7047 | D:6      | Reached skill level 1 in Fighting
  7373 | D:6      | Reached skill level 1 in Invocations
  7928 | D:6      | Reached skill level 1 in Conjurations
  8293 | D:7      | Reached XP level 8. HP: 43/43 MP: 16/19
  8516 | D:7      | Reached * piety under Sif Muna
  8565 | D:7      | Found a runed translucent door.
  8566 | D:7      | Noticed Crazy Yiuf
  8572 | D:7      | Killed Crazy Yiuf
  8740 | D:8      | Noticed a hippogriff
  8749 | D:8      | Killed a hippogriff
  8749 | D:8      | Reached skill level 7 in Spellcasting
  8962 | D:8      | Found a staircase to the Lair.
  8962 | D:8      | Noticed a death yak
  8963 | D:8      | Noticed a death yak
  8968 | D:8      | Killed a death yak
  8968 | D:8      | Reached XP level 9. HP: 47/47 MP: 12/22
  8968 | D:8      | Noticed a death yak
  8971 | D:8      | Killed a death yak
  8971 | D:8      | Reached skill level 8 in Spellcasting
  8983 | D:8      | Killed a death yak
  8983 | D:8      | Reached skill level 9 in Spellcasting
  9066 | D:8      | Reached skill level 5 in Invocations
  9150 | D:8      | Noticed Erica
  9156 | D:8      | Killed Erica
  9156 | D:8      | Reached XP level 10. HP: 52/52 MP: 16/25
  9663 | D:9      | Reached skill level 1 in Staves
  9956 | D:9      | Found a stormy altar of Qazlal.
  9957 | D:9      | Found a sacrificial altar of Ru.
  9973 | D:9      | Learned a level 5 spell: Yara's Violent Unravelling
 10058 | D:9      | Reached ** piety under Sif Muna
 10210 | D:9      | Reached skill level 10 in Spellcasting
 10448 | D:10     | Entered Level 10 of the Dungeon
 10451 | D:10     | Found an opulent altar of Gozag.
 10537 | D:10     | Noticed a white ugly thing
 10544 | D:10     | Killed a white ugly thing
 10544 | D:10     | Reached skill level 5 in Translocations
 10748 | D:10     | Noticed a gargoyle
 10766 | D:10     | Noticed a fire dragon
 10925 | D:10     | Found Ulefritwol's Weapon Shop.
 10989 | D:10     | Noticed a wolf spider
 10994 | D:10     | Killed a wolf spider
 11099 | D:11     | Reached XP level 11. HP: 26/56 MP: 24/27
 11363 | D:11     | Found a frozen archway.
 11370 | D:11     | Reached skill level 11 in Spellcasting
 11372 | D:11     | Reached skill level 5 in Transmutations
 11390 | IceCv    | Entered an ice cave
 11396 | IceCv    | Reached *** piety under Sif Muna
 11658 | IceCv    | Noticed a white ugly thing
 11667 | IceCv    | Noticed a white ugly thing
 11668 | IceCv    | Killed a white ugly thing
 12179 | IceCv    | Reached skill level 10 in Poison Magic
 13182 | IceCv    | HP: 2/56 [ice statue] (13)]
 13723 | IceCv    | Killed a white ugly thing
 14066 | D:11     | Slain by a cyclops

Illustrated notes

Levels and vault maps discovered:
D:1:      ldierk_water_garden, layout_basic
D:2:      layout_rooms, minmay_quantized
D:3:      layout_basic, tso_altar, grunt_temple_overflow_cloverleaf,
          minmay_fractal_squares_5
D:4:      layout_loops_ring, lightli_sewer_entry_pipes, minmay_misc_feat_five,
          uniq_grinder
D:5:      layout_layer_cave, grunt_dithmenos_smoke,
          minmay_temple_entry_stoned_glass, serial_shops, shop, first_ration
D:6:      layout_basic, basic_altar, kennysheep_generic_room_8
D:7:      layout_rooms, uniq_crazy_yiuf_cottage
D:8:      layout_gridville, dpeg_lair_monsters, uniq_erica
D:9:      layout_rooms, gammafunk_temple_overflow_pools, the_bakery
D:10:     minmay_the_grid_net [minmay_the_grid_dragon_a,
          minmay_the_grid_diamond_grid, minmay_the_grid_minigrid_small,
          minmay_the_grid_spin_star, minmay_the_grid_fan,
          minmay_the_grid_prize_trominoes], layout_loops_ring, serial_shops,
          shop, lemuel_altar_in_water
D:11:     layout_irregular_city, portal_ice_cave_entry_animals_and_master
Temple:   dpeg_chambers_temple

Skill      XL: |  1  2  3  4  5  6  7  8  9 10 11 |
---------------+----------------------------------+-----
Spellcasting   | 4 5 6 7 9 10 11 | 11.6
Poison Magic   | 4 5 6 8 9 10 | 10.1
Stealth        | 3 4 |  4.4
Air Magic      | 1 2 3 4 |  4.4
Transmutations | 2 3 4 5 |  5.3
Short Blades   | 1 |  1.2
Evocations     | 1 2 3 |  3.1
Dodging        | 3 |  3.9
Fire Magic     | 1 2 3 |  3.7
Armour         | 1 |  1.1
Fighting       | 1 |  1.3
Invocations    | 1 3 5 6 8 |  8.0
Conjurations   | 1 2 |  2.6
Translocations | 2 4 5 6 |  6.3
Staves         | 1 |  1.4

Action                   |  1- 3 |  4- 6 |  7- 9 | 10-12 || total
-------------------------+-------+-------+-------+-------++-------
Melee: Unarmed           |    11 |       |       |       ||    11
       Dagger            |    48 |   124 |    10 |       ||   182
       Staff             |       |       |    63 |    50 ||   113
 Cast: Sting             |    39 |    11 |    31 |    60 ||   141
       Poisonous Vapours |     6 |    23 |    31 |    32 ||    92
       Ignite Poison     |     2 |     9 |    28 |    62 ||   101
       Mephitic Cloud    |     1 |     7 |    19 |    35 ||    62
       Olgreb's Toxic Ra |       |       |    11 |    21 ||    32
       Gell's Gravitas   |       |       |       |     1 ||     1
Evoke: Wand              |       |       |       |     1 ||     1
  Use: Scroll            |     4 |     6 |     3 |    11 ||    24
       Potion            |       |     4 |     6 |     2 ||    12
 Stab: Confused          |       |     1 |       |       ||     1
       Sleeping          |       |     1 |     1 |       ||     2
       Distracted        |       |       |     1 |       ||     1
  Eat: Chunk             |     3 |     7 |     8 |     9 ||    27
       Ration            |       |     1 |     2 |     2 ||     5
Armor: Robe              |    12 |    10 |    28 |    32 ||    82
       Leather armour    |       |    18 |     1 |       ||    19
       Skin              |       |       |       |    10 ||    10
Dodge: Dodged            |    43 |    83 |    83 |    74 ||   283
